Canadiens vs Flyers
(R1)
Created - November 3, 2019 at 19:01
Goals
|
| Canadiens |
1 |
1 |
1 |
0 |
0 |
3 |
| Flyers |
2 |
0 |
1 |
0 |
1 |
4 |
|
Shots
|
| Canadiens |
17 |
8 |
9 |
1 |
4 |
35 |
| Flyers |
12 |
11 |
12 |
0 |
4 |
35 |
|
1st period
1. Flyers , Marcus Kruger 3 (Drew Miller 2, Mats Zuccarello 4) at 1:37
2. Flyers , Marcus Kruger 4 (Drew Miller 3) at 15:57 (PP)
3. Canadiens , Steve Downie 5 (Frans Nielsen 3, Greg Stewart 3) at 17:55
Penalties :
Jonathan Ericsson (Phi) for Tripping (Minor) at 10:49, Henrik Sedin (Mon) for High sticking (Minor) at 11:12, Henrik Sedin (Mon) for Hooking (Minor) at 15:24
2nd period
4. Canadiens , Bryce Lampman 1 (Unassisted) at 6:29
Penalties :
Benoit Pouliot (Mon) for Hooking (Minor) at 0:07, Henrik Lundqvist (Mon) for Delaying the game (Minor) at 6:43 - Colton Parayko served the penalty, Dustin Boyd (Mon) for Tripping (Minor) at 7:06, Enver Lisin (Mon) for Tripping (Minor) at 11:23
3rd period
5. Canadiens , Pierre-Marc Bouchard 2 (Brett Maclean 2) at 4:03
6. Flyers , Drew Miller 3 (Mats Zuccarello 5, Marcus Kruger 2) at 19:58 (PP)
Penalties :
Vitaly Vishnevsky (Mon) for High sticking (Minor) at 1:00, Colton Parayko (Mon) for Hooking (Minor) at 4:14, Jonathan Ericsson (Phi) for Hooking (Minor) at 7:23, Corey Perry (Mon) for Roughing (Minor) at 11:34, Mark Stuart (Mon) for Hooking (Minor) at 18:45
Overtime #1
No Goal
Penalties :
No Penalty
Shootout
Canadiens, Corey Perry - Stopped by Cam Ward
Flyers, Jeff Carter - Stopped by Henrik Lundqvist
Canadiens, Frans Nielsen - Shot Misses the Net
Flyers, Jakub Voracek - Stopped by Henrik Lundqvist
Canadiens, Greg Stewart - Stopped by Cam Ward
Flyers, Drew Miller - Stopped by Henrik Lundqvist
Canadiens, Benoit Pouliot - Stopped by Cam Ward
Flyers, J.T. Miller - Goal!
Penalties :
No Penalty
Goalie Stats
Henrik Lundqvist (Mon), 32 saves from 35 shots - (0.914), OTL, 3-0-2, 65:00 minutes
Cam Ward (Phi), 32 saves from 35 shots - (0.914), W, 1-1-0, 63:42 minutes
Players Stats for Canadiens
Player Name G A P +/- PIM S H SB GA TA FO MP PP MP PK MP
------------------------------------------------------------------------------------
Benoit Pouliot 0 0 0 -1 2 2 2 1 1 0 1/1 18:32 1:30 1:19
Brett Maclean 0 1 1 1 0 3 0 1 0 0 0/0 11:11 0:00 0:07
Bryce Lampman 1 0 1 2 0 0 0 2 1 0 0/0 14:49 0:33 2:20
Colton Parayko 0 0 0 1 2 1 2 2 0 0 0/0 25:57 1:49 4:01
Corey Perry 0 0 0 -1 2 0 0 1 0 0 0/1 17:19 1:30 0:05
Dustin Boyd 0 0 0 1 2 2 0 1 0 0 9/14 13:52 0:00 7:30
Enver Lisin 0 0 0 1 2 1 1 0 0 0 0/0 11:04 0:00 0:00
Frans Nielsen 0 1 1 1 0 2 0 0 0 1 8/17 19:45 0:52 5:04
Greg Stewart 0 1 1 1 0 3 1 1 2 0 0/0 17:21 0:52 3:28
Henrik Sedin 0 0 0 -1 4 0 2 1 1 1 9/26 16:48 1:29 1:18
Mark Stuart 0 0 0 1 2 1 2 3 0 0 0/0 28:38 0:00 8:39
Nikolai Zherdev 0 0 0 0 0 0 0 1 0 0 0/0 5:06 0:00 0:00
Pierre-Marc Bouchard 1 0 1 1 0 7 1 0 0 0 8/13 14:15 0:00 0:05
Raphael Diaz 0 0 0 -1 0 4 2 2 0 0 0/0 23:01 1:49 8:34
Shaone Morrisonn 0 0 0 2 0 1 0 0 1 0 0/0 21:23 0:00 4:57
Steve Downie 1 0 1 1 0 2 2 1 1 0 0/1 21:22 0:52 8:17
Viktor Stalberg 0 0 0 1 0 1 1 0 0 0 0/0 5:07 0:00 0:00
Vitaly Vishnevsky 0 0 0 -1 2 5 1 0 1 1 0/0 16:42 0:33 0:23
Players Stats for Flyers
Player Name G A P +/- PIM S H SB GA TA FO MP PP MP PK MP
------------------------------------------------------------------------------------
Brian Lashoff 0 0 0 1 0 1 0 0 0 1 0/0 12:53 0:00 1:22
Chris Mcallister 0 0 0 -1 0 1 1 0 0 0 0/0 9:51 0:29 1:26
Drew Miller 1 2 3 1 0 2 1 0 0 0 0/0 19:26 6:28 0:20
J.T. Miller 0 0 0 -1 0 8 2 1 1 1 1/1 24:11 7:29 0:36
Jakub Voracek 0 0 0 -1 0 6 1 0 0 0 2/2 20:29 7:29 0:00
Jeff Carter 0 0 0 -1 0 1 2 0 0 0 16/36 23:21 7:25 0:00
Jeff Woywitka 0 0 0 1 0 2 2 1 1 1 0/0 22:22 8:33 1:22
Jimmy Hayes 0 0 0 -1 0 1 1 0 0 0 0/0 5:57 0:00 0:00
Jonathan Ericsson 0 0 0 -1 4 3 1 0 0 1 0/0 27:14 8:56 0:00
Kyle Wellwood 0 0 0 -1 0 0 2 0 0 0 5/10 12:55 0:23 0:31
Loui Eriksson 0 0 0 -1 0 0 4 1 0 0 2/2 13:28 0:13 0:00
Marcus Kruger 2 1 3 1 0 3 2 1 0 0 9/15 19:31 6:28 0:25
Mats Zuccarello 0 2 2 1 0 2 2 0 1 1 0/2 17:28 6:28 0:00
Matt Smaby 0 0 0 -1 0 3 0 4 0 1 0/0 21:05 0:23 1:00
Matthew Lombardi 0 0 0 -1 0 0 0 0 0 0 3/5 7:27 0:00 1:26
Nathan Beaulieu 0 0 0 -2 0 0 2 3 0 1 0/0 22:18 5:53 0:00
Oliver Ekman-Larsson 0 0 0 -2 0 0 3 2 0 0 0/0 24:43 5:30 1:00
Tomas Kubalik 0 0 0 -1 0 2 0 0 0 1 0/0 11:21 0:03 0:00
3 Stars
1 - Marcus Kruger (Phi)
2 - Drew Miller (Phi)
3 - Mats Zuccarello (Phi)
Power Play
Canadiens - 0 on 1 Attempt(s) - 0.00%
Flyers - 2 on 11 Attempt(s) - 18.18%
Penalty Kill
Canadiens - 9 on 11 Attempt(s) - 81.82%
- Score 0 goal in Penalty Kill
Flyers - 1 on 1 Attempt(s) - 100.00%
- Score 0 goal in Penalty Kill
Team Stat
Canadiens - Hits : 17 - Faceoff Wins : 35 - Blocked Shots : 17 - Penalty Minutes : 20
Flyers - Hits : 26 - Faceoff Wins : 38 - Blocked Shots : 13 - Penalty Minutes : 4
Official
Referees : Unknown
Linesman : Unknown
Game Notes
6:29 of 2nd period - Penalty Shot by Bryce Lampman for Canadiens - Goal!
Finance
Level 1 -- Attendance: 4320 (72.00%) -- Ticket Income $540,000
Level 2 -- Attendance: 3936 (78.72%) -- Ticket Income $295,200
Level 3 -- Attendance: 1506 (75.30%) -- Ticket Income $75,300
Level 4 -- Attendance: 2750 (68.75%) -- Ticket Income $110,000
Luxury Box -- Attendance: 922 (92.20%) -- Ticket Income $165,960
Game was played at the Wells Fargo Center.
Total Attendance: 13434 (74.63%)
Total Ticket Income: $1,186,460
Other Income: $177,969
Total Income: $1,364,429
Canadiens
5 vs 5 Forward
Center Left Wing Right Wing Time % Phy DF OF
1 Henrik Sedin Benoit Pouliot Corey Perry 40 0 1 4
2 Frans Nielsen Greg Stewart Steve Downie 30 0 1 4
3 Pierre-Marc Bouchard Brett Maclean Enver Lisin 20 1 2 2
4 Dustin Boyd Viktor Stalberg Nikolai Zherdev 10 1 2 2
5 vs 5 Defense
Defense Defense Time % Phy DF OF
1 Mark Stuart Colton Parayko 40 0 3 2
2 Vitaly Vishnevsky Raphael Diaz 30 0 3 2
3 Shaone Morrisonn Bryce Lampman 20 0 3 2
4 Colton Parayko Mark Stuart 10 0 2 3
PowerPlay Forward
Center Left Wing Right Wing Time % Phy DF OF
1 Henrik Sedin Benoit Pouliot Corey Perry 60 1 2 2
2 Frans Nielsen Greg Stewart Steve Downie 40 1 2 2
PowerPlay Defense
Defense Defense Time % Phy DF OF
1 Raphael Diaz Colton Parayko 60 1 2 2
2 Vitaly Vishnevsky Bryce Lampman 40 1 2 2
Penalty Kill 4 Players Forward
Center Wing Time % Phy DF OF
1 Dustin Boyd Steve Downie 60 1 2 2
2 Frans Nielsen Greg Stewart 40 1 2 2
Penalty Kill 4 Players Defense
Defense Defense Time % Phy DF OF
1 Mark Stuart Raphael Diaz 60 1 2 2
2 Shaone Morrisonn Colton Parayko 40 1 2 2
Penalty Kill - 3 Players Forward
Forward Time % Phy DF OF
1 Henrik Sedin 60 1 2 2
2 Dustin Boyd 40 1 2 2
Penalty Kill - 3 Players Defense
Defense Defense Time % Phy DF OF
1 Bryce Lampman Mark Stuart 60 1 2 2
2 Shaone Morrisonn Raphael Diaz 40 1 2 2
4 vs 4 Forward
Center Wing Time % Phy DF OF
1 Pierre-Marc Bouchard Corey Perry 60 1 2 2
2 Henrik Sedin Benoit Pouliot 40 1 2 2
4 vs 4 Defense
Defense Defense Time % Phy DF OF
1 Vitaly Vishnevsky Mark Stuart 60 1 2 2
2 Shaone Morrisonn Mark Stuart 40 1 2 2
Last Minutes Offensive
Center Left Wing Right Wing Defense Defense
Frans Nielsen Benoit Pouliot Corey Perry Raphael Diaz Vitaly Vishnevsky
Last Minutes Defensive
Center Left Wing Right Wing Defense Defense
Frans Nielsen Greg Stewart Steve Downie Shaone Morrisonn Mark Stuart
Goaltenders
Starting : Henrik Lundqvist
Backup : Allen York
Extra Forwards
Normal : Corey Perry, Benoit Pouliot, Frans Nielsen - PP : Corey Perry, Benoit Pouliot - PK : Steve Downie
Extra Defensemen
Normal : Colton Parayko, Mark Stuart, Raphael Diaz - PP : Vitaly Vishnevsky - PK : Shaone Morrisonn, Mark Stuart
Penalty Shots
Corey Perry, Frans Nielsen, Greg Stewart, Benoit Pouliot, Henrik Sedin
Scratches
None
Flyers
5 vs 5 Forward
Center Left Wing Right Wing Time % Phy DF OF
1 Jeff Carter J.T. Miller Jakub Voracek 40 0 1 4
2 Marcus Kruger Drew Miller Mats Zuccarello 30 0 1 4
3 Kyle Wellwood Loui Eriksson Tomas Kubalik 20 0 2 3
4 Matthew Lombardi Chris Mcallister Jimmy Hayes 10 1 3 1
5 vs 5 Defense
Defense Defense Time % Phy DF OF
1 Matt Smaby Jonathan Ericsson 40 1 2 2
2 Nathan Beaulieu Oliver Ekman-Larsson 30 1 2 2
3 Brian Lashoff Jeff Woywitka 20 1 2 2
4 Oliver Ekman-Larsson Jeff Woywitka 10 1 2 2
PowerPlay Forward
Center Left Wing Right Wing Time % Phy DF OF
1 Jeff Carter J.T. Miller Jakub Voracek 60 0 0 5
2 Marcus Kruger Drew Miller Mats Zuccarello 40 0 0 5
PowerPlay Defense
Defense Defense Time % Phy DF OF
1 Jonathan Ericsson Jeff Woywitka 60 0 2 3
2 Oliver Ekman-Larsson Nathan Beaulieu 40 0 2 3
Penalty Kill 4 Players Forward
Center Wing Time % Phy DF OF
1 Matthew Lombardi Chris Mcallister 60 0 4 1
2 Kyle Wellwood Drew Miller 40 0 4 1
Penalty Kill 4 Players Defense
Defense Defense Time % Phy DF OF
1 Brian Lashoff Jeff Woywitka 60 1 4 0
2 Matt Smaby Oliver Ekman-Larsson 40 1 4 0
Penalty Kill - 3 Players Forward
Forward Time % Phy DF OF
1 Matthew Lombardi 60 0 4 1
2 Kyle Wellwood 40 0 4 1
Penalty Kill - 3 Players Defense
Defense Defense Time % Phy DF OF
1 Brian Lashoff Jeff Woywitka 60 1 4 0
2 Matt Smaby Oliver Ekman-Larsson 40 1 4 0
4 vs 4 Forward
Center Wing Time % Phy DF OF
1 Jeff Carter J.T. Miller 60 0 2 3
2 Marcus Kruger Drew Miller 40 0 2 3
4 vs 4 Defense
Defense Defense Time % Phy DF OF
1 Jonathan Ericsson Matt Smaby 60 0 3 2
2 Nathan Beaulieu Oliver Ekman-Larsson 40 0 3 2
Last Minutes Offensive
Center Left Wing Right Wing Defense Defense
Jeff Carter Drew Miller Jakub Voracek Oliver Ekman-Larsson Jeff Woywitka
Last Minutes Defensive
Center Left Wing Right Wing Defense Defense
Jeff Carter Drew Miller Jakub Voracek Oliver Ekman-Larsson Jeff Woywitka
Goaltenders
Starting : Cam Ward
Backup : Steve Mason
Extra Forwards
Normal : Loui Eriksson, Chris Mcallister, Kyle Wellwood - PP : Loui Eriksson, Chris Mcallister - PK : Kyle Wellwood
Extra Defensemen
Normal : Brian Lashoff, Nathan Beaulieu, Matt Smaby - PP : Brian Lashoff - PK : Nathan Beaulieu, Matt Smaby
Penalty Shots
Jeff Carter, Jakub Voracek, Drew Miller, J.T. Miller, Loui Eriksson
Scratches
None
% Time on Ice - Canadiens
Lines # - Real PCT - Wanted PCT - Time Play
Normal Forward
1 - 32% - 40% - 13:13
2 - 29% - 30% - 12:12
3 - 27% - 20% - 11:04
4 - 12% - 10% - 5:07
Normal Defense
1 - 38% - 40% - 15:51
2 - 33% - 30% - 13:55
3 - 26% - 20% - 10:40
4 - 3% - 10% - 1:10
PP Forward
1 - 63% - 60% - 1:30
2 - 37% - 40% - 0:52
PP Defense
1 - 77% - 60% - 1:49
2 - 23% - 40% - 0:33
PK Forward
1 - 76% - 60% - 9:47
2 - 24% - 40% - 3:03
PK Defense
1 - 68% - 60% - 8:47
2 - 32% - 40% - 4:03
PK3 Forward
1 - 54% - 60% - 0:52
2 - 46% - 40% - 0:44
PK3 Defense
1 - 92% - 60% - 1:28
2 - 8% - 40% - 0:08
44 Forward
1 - 80% - 60% - 5:18
2 - 20% - 40% - 1:18
44 Defense
1 - 51% - 60% - 3:21
2 - 49% - 40% - 3:15
Last Minute Offensive - 0:00
Last Minute Defensive - 0:00
Total
Forward - 65:00
Defense - 65:00
|
% Time on Ice - Flyers
Lines # - Real PCT - Wanted PCT - Time Play
Normal Forward
1 - 33% - 40% - 13:42
2 - 26% - 30% - 11:00
3 - 26% - 20% - 10:57
4 - 14% - 10% - 5:57
Normal Defense
1 - 39% - 40% - 16:06
2 - 32% - 30% - 13:27
3 - 24% - 20% - 10:10
4 - 5% - 10% - 1:53
PP Forward
1 - 55% - 60% - 7:58
2 - 45% - 40% - 6:28
PP Defense
1 - 62% - 60% - 8:56
2 - 38% - 40% - 5:30
PK Forward
1 - 86% - 60% - 2:02
2 - 14% - 40% - 0:20
PK Defense
1 - 58% - 60% - 1:22
2 - 42% - 40% - 1:00
PK3 Forward
1 - 0% - 60%
2 - 0% - 40%
PK3 Defense
1 - 0% - 60%
2 - 0% - 40%
44 Forward
1 - 75% - 60% - 4:58
2 - 25% - 40% - 1:38
44 Defense
1 - 56% - 60% - 3:43
2 - 44% - 40% - 2:53
Last Minute Offensive - 0:00
Last Minute Defensive - 0:00
Total
Forward - 65:00
Defense - 65:00
|
Play-by-Play
1st period
0:01 of 1st period - Jeff Carter wins face-off versus Henrik Sedin in neutral zone.
0:06 of 1st period - Wrist shot by Matt Smaby.
0:06 of 1st period - Shot Blocked by Mark Stuart.
1:28 of 1st period - Vitaly Vishnevsky is hit by Mats Zuccarello and loses puck.
1:37 of 1st period - Backhand shot by Marcus Kruger.
1:37 of 1st period - Goal by Marcus Kruger - Canadiens : 0 - Flyers : 1.
1:38 of 1st period - Frans Nielsen wins face-off versus Jeff Carter in neutral zone.
1:49 of 1st period - Wrist shot by Greg Stewart.
1:49 of 1st period - Deflect By Frans Nielsen.
1:49 of 1st period - Shot Blocked by Matt Smaby.
1:49 of 1st period - Puck is out of play.
1:50 of 1st period - Jakub Voracek wins face-off versus Pierre-Marc Bouchard in Flyers zone.
2:34 of 1st period - Icing by Jonathan Ericsson.
2:35 of 1st period - Frans Nielsen wins face-off versus Kyle Wellwood in Flyers zone.
2:36 of 1st period - Snap shot by Greg Stewart.
2:36 of 1st period - Stopped by Cam Ward with a rebound.
3:06 of 1st period - Slapshot by Jakub Voracek.
3:06 of 1st period - Shot Blocked by Raphael Diaz.
3:08 of 1st period - Wrist shot by Jonathan Ericsson.
3:08 of 1st period - Shot Blocked by Benoit Pouliot.
3:10 of 1st period - Slapshot by Jonathan Ericsson.
3:10 of 1st period - Deflect By Jeff Carter.
3:10 of 1st period - Shot Blocked by Raphael Diaz.
3:10 of 1st period - Puck is out of play.
3:11 of 1st period - Jeff Carter wins face-off versus Pierre-Marc Bouchard in Canadiens zone.
3:14 of 1st period - Snap shot by J.T. Miller.
3:14 of 1st period - Shot Blocked by Bryce Lampman.
3:20 of 1st period - Snap shot by Brett Maclean.
3:20 of 1st period - Shot Blocked by Jeff Woywitka.
4:45 of 1st period - Jakub Voracek is hit by Viktor Stalberg.
4:51 of 1st period - Snap shot by Jeff Carter.
4:51 of 1st period - Stopped by Henrik Lundqvist with a rebound.
4:53 of 1st period - Wrist shot by J.T. Miller.
4:53 of 1st period - Stopped by Henrik Lundqvist without a rebound.
4:54 of 1st period - Henrik Sedin wins face-off versus Marcus Kruger in Canadiens zone.
5:28 of 1st period - Wrist shot by Jeff Carter.
5:28 of 1st period - Shot Blocked by Brett Maclean.
5:30 of 1st period - Slapshot by Brian Lashoff.
5:30 of 1st period - Deflect By Mark Stuart.
5:30 of 1st period - Stopped by Henrik Lundqvist with a rebound.
5:32 of 1st period - Slapshot by J.T. Miller.
5:32 of 1st period - Stopped by Henrik Lundqvist with a rebound.
5:38 of 1st period - Snap shot by Jeff Carter.
5:38 of 1st period - Shot Misses the Net.
5:54 of 1st period - Wrist shot by Brett Maclean.
5:54 of 1st period - Stopped by Cam Ward with a rebound.
5:56 of 1st period - Slapshot by Mark Stuart.
5:56 of 1st period - Shot Misses the Net.
5:58 of 1st period - Slapshot by Mark Stuart.
5:58 of 1st period - Stopped by Cam Ward without a rebound.
5:59 of 1st period - Jeff Carter wins face-off versus Henrik Sedin in Flyers zone.
6:56 of 1st period - Bryce Lampman is hit by Marcus Kruger and loses puck.
7:13 of 1st period - Bryce Lampman is hit by Jeff Woywitka and loses puck.
7:40 of 1st period - Bryce Lampman is hit by Jakub Voracek and loses puck.
7:59 of 1st period - Snap shot by Frans Nielsen.
7:59 of 1st period - Stopped by Cam Ward without a rebound.
8:00 of 1st period - Frans Nielsen wins face-off versus Marcus Kruger in Flyers zone.
8:25 of 1st period - Henrik Sedin is hit by Jimmy Hayes and loses puck.
8:48 of 1st period - Nikolai Zherdev is hit by Loui Eriksson and loses puck.
8:57 of 1st period - Wrist shot by Tomas Kubalik.
8:57 of 1st period - Stopped by Henrik Lundqvist with a rebound.
8:59 of 1st period - Snap shot by Nathan Beaulieu.
8:59 of 1st period - Shot Misses the Net.
9:13 of 1st period - Snap shot by Pierre-Marc Bouchard.
9:13 of 1st period - Stopped by Cam Ward without a rebound.
9:14 of 1st period - Pierre-Marc Bouchard wins face-off versus Jeff Carter in Flyers zone.
9:17 of 1st period - Slapshot by Pierre-Marc Bouchard.
9:17 of 1st period - Stopped by Cam Ward without a rebound.
9:18 of 1st period - Jeff Carter wins face-off versus Henrik Sedin in Flyers zone.
9:32 of 1st period - Wrist shot by Benoit Pouliot.
9:32 of 1st period - Shot Misses the Net.
9:34 of 1st period - Slapshot by Benoit Pouliot.
9:34 of 1st period - Stopped by Cam Ward without a rebound.
9:35 of 1st period - Marcus Kruger wins face-off versus Frans Nielsen in Flyers zone.
10:26 of 1st period - Backhand shot by Pierre-Marc Bouchard.
10:26 of 1st period - Stopped by Cam Ward without a rebound.
10:27 of 1st period - Pierre-Marc Bouchard wins face-off versus Kyle Wellwood in Flyers zone.
10:30 of 1st period - Wrist shot by Brett Maclean.
10:30 of 1st period - Stopped by Cam Ward with a rebound.
10:32 of 1st period - Slapshot by Vitaly Vishnevsky.
10:32 of 1st period - Stopped by Cam Ward with a rebound.
10:34 of 1st period - Slapshot by Raphael Diaz.
10:34 of 1st period - Shot Blocked by Matt Smaby.
10:36 of 1st period - Snap shot by Vitaly Vishnevsky.
10:36 of 1st period - Stopped by Cam Ward with a rebound.
10:38 of 1st period - Slapshot by Vitaly Vishnevsky.
10:38 of 1st period - Stopped by Cam Ward without a rebound.
10:39 of 1st period - Henrik Sedin wins face-off versus Marcus Kruger in Flyers zone.
10:49 of 1st period - Minor Penalty to Jonathan Ericsson for Tripping.
10:50 of 1st period - Matthew Lombardi wins face-off versus Henrik Sedin in Flyers zone.
10:50 of 1st period - Matthew Lombardi is hit by Raphael Diaz.
11:12 of 1st period - Minor Penalty to Henrik Sedin for High sticking.
11:13 of 1st period - Pierre-Marc Bouchard wins face-off versus Jeff Carter in Canadiens zone.
12:01 of 1st period - Matt Smaby is hit by Mark Stuart and loses puck.
12:49 of 1st period - Penalty to Jonathan Ericsson is over, Jonathan Ericsson is back on ice.
13:06 of 1st period - Colton Parayko is hit by Kyle Wellwood and loses puck.
13:12 of 1st period - Penalty to Henrik Sedin is over, Henrik Sedin is back on ice.
13:19 of 1st period - Wrist shot by Jonathan Ericsson.
13:19 of 1st period - Shot Blocked by Colton Parayko.
13:21 of 1st period - Wrist shot by Chris Mcallister.
13:21 of 1st period - Stopped by Henrik Lundqvist without a rebound.
13:22 of 1st period - Marcus Kruger wins face-off versus Frans Nielsen in Canadiens zone.
13:23 of 1st period - Wrist shot by Drew Miller.
13:23 of 1st period - Shot Misses the Net.
13:25 of 1st period - Slapshot by Jeff Woywitka.
13:25 of 1st period - Deflect By Marcus Kruger.
13:25 of 1st period - Shot Misses the Net.
13:25 of 1st period - Puck is out of play.
13:26 of 1st period - Marcus Kruger wins face-off versus Frans Nielsen in Canadiens zone.
13:27 of 1st period - Wrist shot by Drew Miller.
13:27 of 1st period - Shot Misses the Net.
13:31 of 1st period - Slapshot by Marcus Kruger.
13:31 of 1st period - Shot Blocked by Greg Stewart.
13:43 of 1st period - Snap shot by Drew Miller.
13:43 of 1st period - Shot Blocked by Bryce Lampman.
14:13 of 1st period - Snap shot by Jonathan Ericsson.
14:13 of 1st period - Stopped by Henrik Lundqvist without a rebound.
14:14 of 1st period - Pierre-Marc Bouchard wins face-off versus Kyle Wellwood in Canadiens zone.
14:14 of 1st period - Pierre-Marc Bouchard is hit by Kyle Wellwood.
14:40 of 1st period - Wrist shot by Benoit Pouliot.
14:40 of 1st period - Stopped by Cam Ward with a rebound.
14:42 of 1st period - Snap shot by Raphael Diaz.
14:42 of 1st period - Stopped by Cam Ward without a rebound.
14:43 of 1st period - Henrik Sedin wins face-off versus Jeff Carter in Flyers zone.
15:02 of 1st period - Wrist shot by Jakub Voracek.
15:02 of 1st period - Stopped by Henrik Lundqvist without a rebound.
15:03 of 1st period - Frans Nielsen wins face-off versus Mats Zuccarello in Canadiens zone.
15:03 of 1st period - Frans Nielsen is hit by Drew Miller.
15:17 of 1st period - Snap shot by Drew Miller.
15:17 of 1st period - Stopped by Henrik Lundqvist without a rebound.
15:18 of 1st period - Jeff Carter wins face-off versus Corey Perry in Canadiens zone.
15:24 of 1st period - Minor Penalty to Henrik Sedin for Hooking.
15:25 of 1st period - Dustin Boyd wins face-off versus Jeff Carter in Canadiens zone.
15:57 of 1st period - Snap shot by Marcus Kruger.
15:57 of 1st period - Goal by Marcus Kruger - Canadiens : 0 - Flyers : 2.
15:58 of 1st period - Henrik Sedin wins face-off versus Jeff Carter in neutral zone.
16:08 of 1st period - Snap shot by J.T. Miller.
16:08 of 1st period - Stopped by Henrik Lundqvist without a rebound.
16:09 of 1st period - Frans Nielsen wins face-off versus Jeff Carter in Canadiens zone.
16:47 of 1st period - Snap shot by Mats Zuccarello.
16:47 of 1st period - Shot Blocked by Corey Perry.
16:49 of 1st period - Snap shot by Drew Miller.
16:49 of 1st period - Shot Misses the Net.
17:01 of 1st period - Slapshot by Brett Maclean.
17:01 of 1st period - Stopped by Cam Ward with a rebound.
17:53 of 1st period - Slapshot by Frans Nielsen.
17:53 of 1st period - Shot Blocked by Nathan Beaulieu.
17:55 of 1st period - Slapshot by Steve Downie.
17:55 of 1st period - Goal by Steve Downie - Canadiens : 1 - Flyers : 2.
17:56 of 1st period - Henrik Sedin wins face-off versus Marcus Kruger in neutral zone.
18:01 of 1st period - Snap shot by Corey Perry.
18:01 of 1st period - Shot Misses the Net.
18:33 of 1st period - Snap shot by Frans Nielsen.
18:33 of 1st period - Stopped by Cam Ward without a rebound.
18:34 of 1st period - Frans Nielsen wins face-off versus Jeff Carter in Flyers zone.
19:12 of 1st period - Snap shot by Frans Nielsen.
19:12 of 1st period - Shot Blocked by Marcus Kruger.
19:22 of 1st period - Snap shot by Frans Nielsen.
19:22 of 1st period - Shot Misses the Net.
19:46 of 1st period - Snap shot by Marcus Kruger.
19:46 of 1st period - Shot Blocked by Colton Parayko.
19:49 of 1st period - Icing by Colton Parayko.
19:50 of 1st period - Jeff Carter wins face-off versus Frans Nielsen in Canadiens zone.
19:51 of 1st period - Snap shot by Jakub Voracek.
19:51 of 1st period - Shot Misses the Net.
Goals for this period are 1 for Canadiens vs 2 for Flyers.
Shots for this period are 17 for Canadiens vs 12 for Flyers.
2nd period
0:01 of 2nd period - Jeff Carter wins face-off versus Henrik Sedin in neutral zone.
0:07 of 2nd period - Minor Penalty to Benoit Pouliot for Hooking.
0:08 of 2nd period - Dustin Boyd wins face-off versus Jeff Carter in Canadiens zone.
0:08 of 2nd period - Dustin Boyd is hit by Jonathan Ericsson.
0:25 of 2nd period - Snap shot by J.T. Miller.
0:25 of 2nd period - Stopped by Henrik Lundqvist with a rebound.
1:01 of 2nd period - Colton Parayko is hit by Nathan Beaulieu and loses puck.
1:12 of 2nd period - Drew Miller is hit by Colton Parayko and loses puck.
2:07 of 2nd period - Penalty to Benoit Pouliot is over, Benoit Pouliot is back on ice.
3:07 of 2nd period - Loui Eriksson is hit by Raphael Diaz.
3:49 of 2nd period - Snap shot by Viktor Stalberg.
3:49 of 2nd period - Deflect By Dustin Boyd.
3:49 of 2nd period - Stopped by Cam Ward without a rebound.
3:50 of 2nd period - Dustin Boyd wins face-off versus Matthew Lombardi in Flyers zone.
3:59 of 2nd period - Snap shot by Viktor Stalberg.
3:59 of 2nd period - Shot Misses the Net.
4:01 of 2nd period - Snap shot by Nikolai Zherdev.
4:01 of 2nd period - Shot Misses the Net.
4:03 of 2nd period - Slapshot by Colton Parayko.
4:03 of 2nd period - Shot Misses the Net.
4:05 of 2nd period - Slapshot by Mark Stuart.
4:05 of 2nd period - Shot Misses the Net.
5:01 of 2nd period - Wrist shot by Brett Maclean.
5:01 of 2nd period - Shot Blocked by J.T. Miller.
5:07 of 2nd period - Pierre-Marc Bouchard is hit by Jeff Carter and loses puck.
5:26 of 2nd period - Backhand shot by Jakub Voracek.
5:26 of 2nd period - Stopped by Henrik Lundqvist without a rebound.
5:27 of 2nd period - Henrik Sedin wins face-off versus Marcus Kruger in Canadiens zone.
6:02 of 2nd period - Wrist shot by Loui Eriksson.
6:02 of 2nd period - Shot Misses the Net.
6:20 of 2nd period - Wrist shot by Jimmy Hayes.
6:20 of 2nd period - Shot Blocked by Dustin Boyd.
6:29 of 2nd period - Penalty Shot by Bryce Lampman for Canadiens.
6:29 of 2nd period - Wrist shot by Bryce Lampman.
6:29 of 2nd period - Goal by Bryce Lampman - Canadiens : 2 - Flyers : 2.
6:30 of 2nd period - Henrik Sedin wins face-off versus Jeff Carter in neutral zone.
6:31 of 2nd period - Jeff Carter wins face-off versus Henrik Sedin in Canadiens zone.
6:37 of 2nd period - Snap shot by Jakub Voracek.
6:37 of 2nd period - Shot Blocked by Mark Stuart.
6:39 of 2nd period - Snap shot by J.T. Miller.
6:39 of 2nd period - Stopped by Henrik Lundqvist with a rebound.
6:41 of 2nd period - Slapshot by Matt Smaby.
6:41 of 2nd period - Stopped by Henrik Lundqvist with a rebound.
6:43 of 2nd period - Snap shot by J.T. Miller.
6:43 of 2nd period - Stopped by Henrik Lundqvist without a rebound.
6:43 of 2nd period - Minor Penalty to Henrik Lundqvist for Delaying the game.
6:44 of 2nd period - Dustin Boyd wins face-off versus Jeff Carter in Canadiens zone.
7:06 of 2nd period - Minor Penalty to Dustin Boyd for Tripping.
7:07 of 2nd period - Henrik Sedin wins face-off versus Jeff Carter in Canadiens zone.
7:14 of 2nd period - Slapshot by Henrik Sedin.
7:14 of 2nd period - Shot Misses the Net.
8:08 of 2nd period - Steve Downie is hit by J.T. Miller and loses puck.
8:43 of 2nd period - Penalty to Colton Parayko is over, Colton Parayko is back on ice.
9:06 of 2nd period - Penalty to Dustin Boyd is over, Dustin Boyd is back on ice.
9:27 of 2nd period - Nikolai Zherdev is hit by Nathan Beaulieu and loses puck.
9:34 of 2nd period - Oliver Ekman-Larsson is hit by Vitaly Vishnevsky and loses puck.
11:04 of 2nd period - Wrist shot by Jakub Voracek.
11:04 of 2nd period - Stopped by Henrik Lundqvist without a rebound.
11:05 of 2nd period - Matthew Lombardi wins face-off versus Pierre-Marc Bouchard in Canadiens zone.
11:23 of 2nd period - Minor Penalty to Enver Lisin for Tripping.
11:24 of 2nd period - Jeff Carter wins face-off versus Dustin Boyd in Canadiens zone.
11:32 of 2nd period - Wrist shot by J.T. Miller.
11:32 of 2nd period - Shot Misses the Net.
11:34 of 2nd period - Snap shot by Jeff Woywitka.
11:34 of 2nd period - Stopped by Henrik Lundqvist with a rebound.
11:40 of 2nd period - Wrist shot by Jakub Voracek.
11:40 of 2nd period - Stopped by Henrik Lundqvist without a rebound.
11:41 of 2nd period - Marcus Kruger wins face-off versus Dustin Boyd in Canadiens zone.
12:00 of 2nd period - Steve Downie is hit by Jeff Woywitka and loses puck.
12:31 of 2nd period - Wrist shot by Raphael Diaz.
12:31 of 2nd period - Stopped by Cam Ward with a rebound.
13:23 of 2nd period - Penalty to Enver Lisin is over, Enver Lisin is back on ice.
13:31 of 2nd period - Jeff Woywitka is hit by Enver Lisin and loses puck.
14:16 of 2nd period - Jimmy Hayes is hit by Steve Downie and loses puck.
14:42 of 2nd period - Slapshot by Pierre-Marc Bouchard.
14:42 of 2nd period - Stopped by Cam Ward without a rebound.
14:43 of 2nd period - Kyle Wellwood wins face-off versus Henrik Sedin in Flyers zone.
14:43 of 2nd period - Kyle Wellwood is hit by Benoit Pouliot.
15:35 of 2nd period - Wrist shot by Steve Downie.
15:35 of 2nd period - Shot Misses the Net.
15:41 of 2nd period - Jeff Woywitka is hit by Mark Stuart and loses puck.
15:52 of 2nd period - Snap shot by Marcus Kruger.
15:52 of 2nd period - Stopped by Henrik Lundqvist with a rebound.
15:54 of 2nd period - Slapshot by Jeff Woywitka.
15:54 of 2nd period - Shot Misses the Net.
16:20 of 2nd period - Snap shot by Viktor Stalberg.
16:20 of 2nd period - Stopped by Cam Ward with a rebound.
16:22 of 2nd period - Slapshot by Raphael Diaz.
16:22 of 2nd period - Stopped by Cam Ward without a rebound.
16:23 of 2nd period - Kyle Wellwood wins face-off versus Henrik Sedin in Flyers zone.
16:27 of 2nd period - Off-side.
16:28 of 2nd period - Kyle Wellwood wins face-off versus Henrik Sedin in neutral zone.
16:33 of 2nd period - Slapshot by Loui Eriksson.
16:33 of 2nd period - Shot Blocked by Henrik Sedin.
16:57 of 2nd period - Slapshot by Pierre-Marc Bouchard.
16:57 of 2nd period - Stopped by Cam Ward with a rebound.
16:59 of 2nd period - Slapshot by Raphael Diaz.
16:59 of 2nd period - Stopped by Cam Ward without a rebound.
17:00 of 2nd period - Jeff Carter wins face-off versus Pierre-Marc Bouchard in Flyers zone.
17:07 of 2nd period - Snap shot by Jakub Voracek.
17:07 of 2nd period - Shot Misses the Net.
17:31 of 2nd period - Wrist shot by Pierre-Marc Bouchard.
17:31 of 2nd period - Shot Blocked by Oliver Ekman-Larsson.
17:33 of 2nd period - Slapshot by Pierre-Marc Bouchard.
17:33 of 2nd period - Deflect By Enver Lisin.
17:33 of 2nd period - Stopped by Cam Ward with a rebound.
17:35 of 2nd period - Snap shot by Enver Lisin.
17:35 of 2nd period - Shot Misses the Net.
17:37 of 2nd period - Slapshot by Pierre-Marc Bouchard.
17:37 of 2nd period - Shot Blocked by Nathan Beaulieu.
17:55 of 2nd period - Slapshot by Enver Lisin.
17:55 of 2nd period - Shot Misses the Net.
17:57 of 2nd period - Snap shot by Vitaly Vishnevsky.
17:57 of 2nd period - Deflect By Enver Lisin.
17:57 of 2nd period - Shot Misses the Net.
17:57 of 2nd period - Puck is out of play.
17:58 of 2nd period - Jeff Carter wins face-off versus Henrik Sedin in Flyers zone.
18:25 of 2nd period - Colton Parayko is hit by Loui Eriksson.
18:51 of 2nd period - Wrist shot by Jimmy Hayes.
18:51 of 2nd period - Stopped by Henrik Lundqvist with a rebound.
18:53 of 2nd period - Wrist shot by Matt Smaby.
18:53 of 2nd period - Stopped by Henrik Lundqvist with a rebound.
19:40 of 2nd period - Bryce Lampman is hit by Oliver Ekman-Larsson and loses puck.
Goals for this period are 1 for Canadiens vs 0 for Flyers.
Shots for this period are 8 for Canadiens vs 11 for Flyers.
3rd period
0:01 of 3rd period - Jeff Carter wins face-off versus Henrik Sedin in neutral zone.
0:04 of 3rd period - Henrik Sedin is hit by J.T. Miller and loses puck.
0:27 of 3rd period - Jakub Voracek is hit by Colton Parayko and loses puck.
0:32 of 3rd period - Slapshot by Pierre-Marc Bouchard.
0:32 of 3rd period - Stopped by Cam Ward with a rebound.
1:00 of 3rd period - Minor Penalty to Vitaly Vishnevsky for High sticking.
1:01 of 3rd period - Dustin Boyd wins face-off versus Marcus Kruger in Canadiens zone.
1:01 of 3rd period - Dustin Boyd is hit by Oliver Ekman-Larsson.
1:16 of 3rd period - Wrist shot by Steve Downie.
1:16 of 3rd period - Stopped by Cam Ward without a rebound.
1:17 of 3rd period - Dustin Boyd wins face-off versus Jeff Carter in Flyers zone.
3:00 of 3rd period - Penalty to Vitaly Vishnevsky is over, Vitaly Vishnevsky is back on ice.
3:15 of 3rd period - Off-side.
3:16 of 3rd period - Kyle Wellwood wins face-off versus Pierre-Marc Bouchard in neutral zone.
4:03 of 3rd period - Wrist shot by Pierre-Marc Bouchard.
4:03 of 3rd period - Goal by Pierre-Marc Bouchard - Canadiens : 3 - Flyers : 2.
4:04 of 3rd period - Jeff Carter wins face-off versus Henrik Sedin in neutral zone.
4:14 of 3rd period - Minor Penalty to Colton Parayko for Hooking.
4:15 of 3rd period - Dustin Boyd wins face-off versus Jeff Carter in Canadiens zone.
4:15 of 3rd period - Dustin Boyd is hit by Jeff Carter.
4:52 of 3rd period - Slapshot by Jonathan Ericsson.
4:52 of 3rd period - Stopped by Henrik Lundqvist with a rebound.
6:14 of 3rd period - Penalty to Colton Parayko is over, Colton Parayko is back on ice.
6:14 of 3rd period - Icing by Bryce Lampman.
6:15 of 3rd period - Loui Eriksson wins face-off versus Henrik Sedin in Canadiens zone.
6:24 of 3rd period - Shaone Morrisonn is hit by Loui Eriksson and loses puck.
6:43 of 3rd period - Wrist shot by Enver Lisin.
6:43 of 3rd period - Shot Blocked by Nathan Beaulieu.
7:12 of 3rd period - Off-side.
7:13 of 3rd period - Marcus Kruger wins face-off versus Frans Nielsen in neutral zone.
7:13 of 3rd period - Mats Zuccarello is hit by Greg Stewart and loses puck.
7:23 of 3rd period - Minor Penalty to Jonathan Ericsson for Hooking.
7:24 of 3rd period - Matthew Lombardi wins face-off versus Henrik Sedin in Flyers zone.
7:35 of 3rd period - Matthew Lombardi is hit by Benoit Pouliot and loses puck.
9:02 of 3rd period - Icing by Benoit Pouliot.
9:03 of 3rd period - Marcus Kruger wins face-off versus Henrik Sedin in Canadiens zone.
9:23 of 3rd period - Penalty to Jonathan Ericsson is over, Jonathan Ericsson is back on ice.
9:37 of 3rd period - Slapshot by Vitaly Vishnevsky.
9:37 of 3rd period - Stopped by Cam Ward with a rebound.
9:39 of 3rd period - Wrist shot by Dustin Boyd.
9:39 of 3rd period - Stopped by Cam Ward without a rebound.
9:40 of 3rd period - Jakub Voracek wins face-off versus Frans Nielsen in Flyers zone.
10:18 of 3rd period - Wrist shot by Benoit Pouliot.
10:18 of 3rd period - Shot Misses the Net.
10:56 of 3rd period - Backhand shot by Jeff Carter.
10:56 of 3rd period - Shot Hit the Post.
10:58 of 3rd period - Slapshot by Matt Smaby.
10:58 of 3rd period - Shot Blocked by Steve Downie.
11:00 of 3rd period - Wrist shot by Jakub Voracek.
11:00 of 3rd period - Stopped by Henrik Lundqvist without a rebound.
11:01 of 3rd period - Benoit Pouliot wins face-off versus Jeff Carter in Canadiens zone.
11:11 of 3rd period - Snap shot by Raphael Diaz.
11:11 of 3rd period - Deflect By Benoit Pouliot.
11:11 of 3rd period - Shot Misses the Net.
11:11 of 3rd period - Puck is out of play.
11:12 of 3rd period - Jeff Carter wins face-off versus Henrik Sedin in Flyers zone.
11:34 of 3rd period - Minor Penalty to Corey Perry for Roughing.
11:35 of 3rd period - Dustin Boyd wins face-off versus Jeff Carter in Canadiens zone.
11:44 of 3rd period - Slapshot by Jonathan Ericsson.
11:44 of 3rd period - Stopped by Henrik Lundqvist with a rebound.
11:46 of 3rd period - Snap shot by Jeff Woywitka.
11:46 of 3rd period - Stopped by Henrik Lundqvist with a rebound.
12:48 of 3rd period - Dustin Boyd is hit by Marcus Kruger and loses puck.
13:30 of 3rd period - Icing by Drew Miller.
13:31 of 3rd period - Frans Nielsen wins face-off versus Jeff Carter in Flyers zone.
13:34 of 3rd period - Penalty to Corey Perry is over, Corey Perry is back on ice.
13:58 of 3rd period - Benoit Pouliot is hit by Loui Eriksson and loses puck.
14:11 of 3rd period - Snap shot by Corey Perry.
14:11 of 3rd period - Shot Blocked by Matt Smaby.
14:21 of 3rd period - Wrist shot by Brett Maclean.
14:21 of 3rd period - Deflect By Enver Lisin.
14:21 of 3rd period - Shot Blocked by Matt Smaby.
14:21 of 3rd period - Puck is out of play.
14:22 of 3rd period - Frans Nielsen wins face-off versus Mats Zuccarello in Flyers zone.
14:29 of 3rd period - Snap shot by Greg Stewart.
14:29 of 3rd period - Stopped by Cam Ward without a rebound.
14:30 of 3rd period - Marcus Kruger wins face-off versus Frans Nielsen in Flyers zone.
14:45 of 3rd period - Snap shot by Frans Nielsen.
14:45 of 3rd period - Shot Misses the Net.
14:47 of 3rd period - Slapshot by Colton Parayko.
14:47 of 3rd period - Shot Misses the Net.
15:17 of 3rd period - Wrist shot by Greg Stewart.
15:17 of 3rd period - Shot Misses the Net.
15:19 of 3rd period - Wrist shot by Greg Stewart.
15:19 of 3rd period - Shot Blocked by Oliver Ekman-Larsson.
15:21 of 3rd period - Slapshot by Frans Nielsen.
15:21 of 3rd period - Shot Misses the Net.
15:23 of 3rd period - Slapshot by Colton Parayko.
15:23 of 3rd period - Stopped by Cam Ward without a rebound.
15:24 of 3rd period - Kyle Wellwood wins face-off versus Henrik Sedin in Flyers zone.
15:29 of 3rd period - Slapshot by Tomas Kubalik.
15:29 of 3rd period - Stopped by Henrik Lundqvist without a rebound.
15:30 of 3rd period - Henrik Sedin wins face-off versus Kyle Wellwood in Canadiens zone.
15:41 of 3rd period - Slapshot by Bryce Lampman.
15:41 of 3rd period - Shot Blocked by Loui Eriksson.
16:08 of 3rd period - Bryce Lampman is hit by Chris Mcallister and loses puck.
16:27 of 3rd period - Wrist shot by Jakub Voracek.
16:27 of 3rd period - Shot Blocked by Nikolai Zherdev.
16:29 of 3rd period - Snap shot by J.T. Miller.
16:29 of 3rd period - Deflect By Jakub Voracek.
16:29 of 3rd period - Stopped by Henrik Lundqvist with a rebound.
16:39 of 3rd period - Bryce Lampman is hit by Mats Zuccarello and loses puck.
17:18 of 3rd period - Kyle Wellwood is hit by Steve Downie and loses puck.
18:15 of 3rd period - Snap shot by Loui Eriksson.
18:15 of 3rd period - Shot Misses the Net.
18:21 of 3rd period - Wrist shot by Frans Nielsen.
18:21 of 3rd period - Shot Misses the Net.
18:23 of 3rd period - Snap shot by Greg Stewart.
18:23 of 3rd period - Stopped by Cam Ward with a rebound.
18:25 of 3rd period - Snap shot by Shaone Morrisonn.
18:25 of 3rd period - Stopped by Cam Ward without a rebound.
18:26 of 3rd period - Pierre-Marc Bouchard wins face-off versus Jeff Carter in Flyers zone.
18:29 of 3rd period - Snap shot by Enver Lisin.
18:29 of 3rd period - Shot Misses the Net.
18:34 of 3rd period - Off-side.
18:35 of 3rd period - Pierre-Marc Bouchard wins face-off versus Jeff Carter in neutral zone.
18:40 of 3rd period - Flyers, Cam Ward is pulled from the net.
18:40 of 3rd period - Snap shot by Jakub Voracek.
18:40 of 3rd period - Shot Blocked by Mark Stuart.
18:42 of 3rd period - Slapshot by Matt Smaby.
18:42 of 3rd period - Stopped by Henrik Lundqvist without a rebound.
18:43 of 3rd period - Dustin Boyd wins face-off versus Matthew Lombardi in Canadiens zone.
18:45 of 3rd period - Minor Penalty to Mark Stuart for Hooking.
18:46 of 3rd period - Jeff Carter wins face-off versus Steve Downie in Canadiens zone.
19:12 of 3rd period - Snap shot by Mats Zuccarello.
19:12 of 3rd period - Stopped by Henrik Lundqvist without a rebound.
19:13 of 3rd period - Pat Quinn call a timeout for Flyers.
19:13 of 3rd period - Jeff Carter wins face-off versus Frans Nielsen in Canadiens zone.
19:28 of 3rd period - Snap shot by J.T. Miller.
19:28 of 3rd period - Stopped by Henrik Lundqvist with a rebound.
19:30 of 3rd period - Wrist shot by J.T. Miller.
19:30 of 3rd period - Stopped by Henrik Lundqvist without a rebound.
19:31 of 3rd period - Marcus Kruger wins face-off versus Dustin Boyd in Canadiens zone.
19:38 of 3rd period - Wrist shot by Mats Zuccarello.
19:38 of 3rd period - Stopped by Henrik Lundqvist without a rebound.
19:39 of 3rd period - Marcus Kruger wins face-off versus Dustin Boyd in Canadiens zone.
19:56 of 3rd period - Snap shot by Mats Zuccarello.
19:56 of 3rd period - Shot Misses the Net.
19:58 of 3rd period - Snap shot by Drew Miller.
19:58 of 3rd period - Goal by Drew Miller - Canadiens : 3 - Flyers : 3.
19:58 of 3rd period - Cam Ward from Flyers was sent back in the game.
19:59 of 3rd period - Pierre-Marc Bouchard wins face-off versus Kyle Wellwood in neutral zone.
Goals for this period are 1 for Canadiens vs 1 for Flyers.
Shots for this period are 9 for Canadiens vs 12 for Flyers.
Overtime #1
0:01 of 1st overtime period - Pierre-Marc Bouchard wins face-off versus Jeff Carter in neutral zone.
1:13 of 1st overtime period - Benoit Pouliot is hit by Oliver Ekman-Larsson and loses puck.
2:42 of 1st overtime period - Icing by Drew Miller.
2:43 of 1st overtime period - Loui Eriksson wins face-off versus Dustin Boyd in Flyers zone.
3:13 of 1st overtime period - Nathan Beaulieu is hit by Pierre-Marc Bouchard and loses puck.
3:56 of 1st overtime period - Snap shot by Frans Nielsen.
3:56 of 1st overtime period - Shot Misses the Net.
3:58 of 1st overtime period - Slapshot by Vitaly Vishnevsky.
3:58 of 1st overtime period - Stopped by Cam Ward without a rebound.
3:59 of 1st overtime period - J.T. Miller wins face-off versus Frans Nielsen in Flyers zone.
4:22 of 1st overtime period - Matt Smaby is hit by Henrik Sedin.
4:26 of 1st overtime period - Drew Miller is hit by Henrik Sedin and loses puck.
Goals for this period are 0 for Canadiens vs 0 for Flyers.
Shots for this period are 1 for Canadiens vs 0 for Flyers.
ShootOut
5:00 of 1st overtime period - Round #1.
5:00 of 1st overtime period - Canadiens, Corey Perry.
5:00 of 1st overtime period - Wrist shot by Corey Perry.
5:00 of 1st overtime period - Stopped by Cam Ward.
5:00 of 1st overtime period - Flyers, Jeff Carter.
5:00 of 1st overtime period - Wrist shot by Jeff Carter.
5:00 of 1st overtime period - Stopped by Henrik Lundqvist.
5:00 of 1st overtime period - Round #2.
5:00 of 1st overtime period - Canadiens, Frans Nielsen.
5:00 of 1st overtime period - Wrist shot by Frans Nielsen.
5:00 of 1st overtime period - Shot Misses the Net.
5:00 of 1st overtime period - Flyers, Jakub Voracek.
5:00 of 1st overtime period - Snap shot by Jakub Voracek.
5:00 of 1st overtime period - Stopped by Henrik Lundqvist.
5:00 of 1st overtime period - Round #3.
5:00 of 1st overtime period - Canadiens, Greg Stewart.
5:00 of 1st overtime period - Snap shot by Greg Stewart.
5:00 of 1st overtime period - Stopped by Cam Ward.
5:00 of 1st overtime period - Flyers, Drew Miller.
5:00 of 1st overtime period - Wrist shot by Drew Miller.
5:00 of 1st overtime period - Stopped by Henrik Lundqvist.
5:00 of 1st overtime period - Round #4.
5:00 of 1st overtime period - Canadiens, Benoit Pouliot.
5:00 of 1st overtime period - Backhand shot by Benoit Pouliot.
5:00 of 1st overtime period - Stopped by Cam Ward.
5:00 of 1st overtime period - Flyers, J.T. Miller.
5:00 of 1st overtime period - Wrist shot by J.T. Miller.
5:00 of 1st overtime period - Goal by J.T. Miller.
Back to the Top